 Dungeon Crawl Stone Soup version 0.20.1-1-g8b1a95d (webtiles) character file.

427 jmlagarto the Slasher (level 6, -8/53 HPs)
             Began as a Draconian Chaos Knight on Sept 7, 2017.
             Killed by nerve-wracking pain
             ... invoked by an orc priest
              (12 damage)
             ... on level 4 of the Dungeon.
             The game lasted 00:10:56 (3663 turns).

jmlagarto the Slasher (Draconian Chaos Knight)      Turns: 3663, Time: 00:10:57

Health: -8/53      AC:  6    Str: 16    XL:     6   Next: 65%
Magic:  6/6        EV: 13    Int: 12    God:    Xom [.....*]
Gold:   275        SH:  0    Dex: 11    Spells: 5/5 levels left

rFire    . . .     SeeInvis .   x - +2 morningstar (distort)
rCold    . . .     Gourm    .   (no shield)
rNeg     . . .     Faith    .   (armour unavailable)
rPois    .         Spirit   .   (helmet restricted)
rElec    .         Reflect  .   (no cloak)
rCorr    .         Harm     .   (no gloves)
MR       .....                  (no boots)
Stlth    ++........             (no amulet)
Regen    0.2/turn               g - ring of wizardry
MPRegen  0.1/turn               (no ring)

@: no status effects
A: unfitting armour, cold-blooded, AC +6
a: Renounce Religion


You were on level 4 of the Dungeon.
You worshipped Xom.
You were Xom's teddy bear.
You were not hungry.

You visited 1 branch of the dungeon, and saw 5 of its levels.

You collected 275 gold pieces.

Inventory:

Hand Weapons
 a - a +0 falchion of chaos
 f - a +0 mace
 v - a +0 blowgun
 x - a +2 morningstar of distortion (weapon)
Missiles
 r - 13 needles of frenzy
 u - 41 poisoned needles
Jewellery
 g - a ring of wizardry (left hand)
Scrolls
 c - 3 scrolls of teleportation
 d - 3 scrolls of identify
 e - a scroll of enchant armour {unknown}
 i - 3 scrolls of remove curse {unknown}
 k - 3 scrolls of recharging {unknown}
 l - 2 scrolls of fog {unknown}
 q - a scroll of magic mapping {unknown}
 t - a scroll of fear {unknown}
 y - a scroll of immolation {unknown}
Potions
 j - 5 potions of curing
 m - 2 potions of brilliance
 n - a potion of mutation
 o - a potion of degeneration {unknown}
 s - a potion of agility {unknown}
 w - 2 potions of resistance {unknown}
 z - a potion of haste {unknown}
Comestibles
 b - 4 meat rations
 h - 24 fruits
 p - 2 bread rations
 A - a royal jelly


   Skills:
 + Level 4.5 Fighting
 + Level 5.6 Long Blades
 + Level 0.6 Maces & Flails
 + Level 3.5 Dodging
 - Level 2.1 Stealth


You had 5 spell levels left.
You didn't know any spells.

Dungeon Overview and Level Annotations

Branches:
Dungeon (5/15)
 Temple: D:4-7

Altars:
Xom


Innate Abilities, Weirdness & Mutations

Your plain brown scales are hard. (AC +6)
You cannot fit into any form of body armour.
You are cold-blooded and may be slowed by cold attacks.


Message History

The orc priest calls down the wrath of Beogh upon you.
You barely resist. You sock the orc priest!
The orc priest looks slightly unstable.
The orc priest is heavily wounded.
The orc priest hits you with a dagger.
* * * LOW HITPOINT WARNING * * *
You closely miss the orc priest. You tail-slap the orc priest.
The orc priest is severely wounded.
The orc priest disappears!
You start resting.
You are too injured to fight recklessly!
You are too injured to fight recklessly!
You are too injured to fight recklessly!
You are too injured to fight recklessly!
The orc priest calls down the wrath of Beogh upon you.
Pain shoots through your body!
* * * LOW HITPOINT WARNING * * *
The orc priest calls down the wrath of Beogh upon you.
Pain shoots through your body!
You die...

##.##..................###.###
#....##......................#
#....##[######...####.##)..#.#
#....##.#####....##...)....#.##
#..........##....####.#....#...
#.....#.##.##.........#....#.##
#.....#....##.....<............
#.....#..#o##....)....#....#.#.
#.....#..#....@.>.....#......#.
##............................#.
#.....##..##................###.
#.....+...####.........###### #.
#.....##..##...........########.
#.....##.....†..................
#....<..........................
#......##.##.##....#.#######.##.
#......##.##.......#.##.##......


You could see an orc priest.

Vanquished Creatures
  Sigmund (D:3)
  2 scorpions (D:4)
  An orc priest (D:4)
  A worker ant (D:4)
  3 adders
  A river rat (D:4)
  An ooze (D:2)
  An adder skeleton (D:4)
  A worm (D:2)
  3 dart slugs
  4 leopard geckos
  4 orcs
  2 giant cockroaches (D:3)
  6 goblins
  2 hobgoblins
  4 jackals (D:4)
  9 kobolds
  A quokka (D:2)
  A ball python (D:3)
  9 bats
  6 frilled lizards
  6 rats
69 creatures vanquished.

Vanquished Creatures (collateral kills)
  A hobgoblin (D:2)
1 creature vanquished.

Grand Total: 70 creatures vanquished

Notes
Turn   | Place    | Note
-------+----------+-------------------------------------------
     0 | D:1      | jmlagarto the Draconian Chaos Knight began the quest for the Orb.
     0 | D:1      | Reached XP level 1. HP: 19/19 MP: 1/1
    67 | D:1      | XOM: harmless Hex miscast
   236 | D:1      | Reached XP level 2. HP: 20/26 MP: 2/2
   262 | D:1      | XOM: scenery: 1 doors open, 2 doors close
   642 | D:1      | XOM: harmless Tloc miscast
   840 | D:2      | XOM: cast spell 'Summon Ice Beast'
   844 | D:2      | Reached XP level 3. HP: 20/33 MP: 3/3
   885 | D:2      | XOM: harmless Tloc miscast
  1211 | D:2      | HP: 1/33 [poisoned by an adder]
  1576 | D:2      | XOM: god gift: mace {god gift}
  1792 | D:2      | XOM: harmless Hex miscast
  1910 | D:3      | Noticed Sigmund
  1922 | D:3      | Killed Sigmund
  1922 | D:3      | Reached skill level 4 in Long Blades
  1922 | D:3      | Reached skill level 1 in Stealth
  1922 | D:3      | Reached XP level 4. HP: 15/40 MP: 4/4
  1922 | D:3      | Reached XP level 5. HP: 17/46 MP: 5/5
  1948 | D:3      | XOM: scenery: create altars
  2320 | D:3      | Reached skill level 5 in Long Blades
  2443 | D:3      | XOM: god gift: 5 needles of frenzy
  2578 | D:3      | XOM: god gift: scroll labeled TIF ARIKHOEMP {god gift}
  2740 | D:4      | XOM: 1-stop teleportation journey
  2775 | D:4      | Reached XP level 6. HP: 22/53 MP: 6/6
  2884 | D:4      | XOM: scenery: create altars
  3109 | D:4      | Found a shimmering altar of Xom.
  3113 | D:4      | Found a shimmering altar of Xom.
  3116 | D:4      | Found a shimmering altar of Xom.
  3366 | D:4      | XOM: 3-stop teleportation journey
  3499 | D:4      | Found a shimmering altar of Xom.
  3511 | D:4      | Found a shimmering altar of Xom.
  3513 | D:4      | Found a shimmering altar of Xom.
  3516 | D:4      | Found a shimmering altar of Xom.
  3645 | D:5      | Entered Level 5 of the Dungeon
  3663 | D:4      | Killed from afar by an orc priest

Skill      XL: |  1  2  3  4  5  6 |
---------------+-------------------+-----
Fighting       | 4 |  4.5
Long Blades    | 4 5 |  5.6
Dodging        | 3 |  3.5
Stealth        | 1 2 |  2.1
Maces & Flails | |  0.6

Action                   |  1- 3 |  4- 6 || total
-------------------------+-------+-------++-------
Melee: Falchion          |    90 |    81 ||   171
       Tailslap          |     6 |    16 ||    22
       Morningstar       |       |    16 ||    16
  Use: Potion            |     2 |       ||     2
       Scroll            |       |     3 ||     3
 Stab: Sleeping          |     3 |     4 ||     7
       Confused          |       |     1 ||     1
  Eat: Meat ration       |     1 |       ||     1
       Bread ration      |     1 |       ||     1
Armor: Skin              |    27 |    33 ||    60
Dodge: Dodged            |    62 |    53 ||   115
       Rpst.: Falchion   |    16 |    14 ||    30
